 Dungeon Crawl Stone Soup version 0.31.0-11-ge490571c62 (webtiles) character file.

Game seed: 16265549443510116000

54 qw the Shooter (level 3, 0/20 HPs)
             Began as a Deep Elf Hunter on Feb 4, 2024.
             Slain by a ball python (1 damage)
             ... on level 2 of the Dungeon.
             The game lasted 00:00:02 (889 turns).

qw the Shooter (Deep Elf Hunter)                     Turns: 889, Time: 00:00:03

Health: 0/20       AC:  3    Str: 10    XL:     3   Next: 66%
Magic:  5/5        EV:  9    Int: 13    God:
Gold:   51         SH:  0    Dex: 18    Spells: 2/2 levels left

rFire   . . .        a - +0 shortbow
rCold   . . .        (shield currently unavailable)
rNeg    . . .        c - +0 leather armour
rPois   .            (no helmet)
rElec   .            (no cloak)
rCorr   .            (no gloves)
SInv    .            (no boots)
Will    .....        (no amulet)
Stlth   ++           (no ring)
HPRegen 0.23/turn    (no ring)
MPRegen 0.09/turn

%: no passive effects
@: constricted
A: no striking features
a: no special abilities


You were on level 2 of the Dungeon.
You visited 1 branch of the dungeon, and saw 2 of its levels.

You collected 51 gold pieces.


   Skills:
 - Level 1.5 Fighting
 + Level 7.2 Ranged Weapons
 - Level 2.4 Dodging
 - Level 1.2 Stealth


You had 2 spell levels left.
You didn't know any spells.
Your spell library was empty.

Inventory:

Hand Weapons
 a - a +0 shortbow (weapon)
Armour
 c - a +0 leather armour (worn)

Dungeon Overview and Level Annotations

Branches:
Dungeon (2/15)

Altars:


Message History

You kill the orc priest!
The orc priest looks encouraged for a moment.
An orc comes into view. It is wielding a +0 dagger.
Your Ranged Weapons skill increases to level 7!
You have reached level 3!
Your experience leads to an increase in your attributes!
Increase (S)trength, (I)ntelligence, or (D)exterity?
You feel stronger. x2
You shoot an arrow. The orc shouts!
The arrow hits the orc priest.
The orc priest is lightly wounded.
You shoot an arrow.
The arrow closely misses the orc priest.
Your surroundings suddenly seem different.
A ball python and 2 jackals come into view.
Found 6 javelins.
The jackal barks! x2
A ball python comes into view.
The ball python hisses angrily.
You shoot an arrow.
The arrow hits the jackal but does no damage.
You shoot an arrow. The arrow hits the jackal!
You kill the jackal!
You shoot an arrow. The arrow closely misses the jackal.
You shoot an arrow. The arrow hits the jackal.
The jackal is almost dead.
The jackal bites you but does no damage.
The ball python bites you but does no damage.
The ball python grabs you. The ball python constricts you.
The jackal bites you.
You shoot an arrow.
The arrow closely misses the ball python.
The ball python barely misses you. The ball python constricts you.
The jackal bites you.
You shoot an arrow.
The arrow closely misses the ball python.
The ball python barely misses you. The ball python bites you.
The ball python constricts you. The jackal bites you.
The ball python closely misses you. The ball python bites you.
You die...

# #~ #~~ ##~~~
#~~~~~####
#~~~~~.@h#
#~~~~..SS......
#~~~~..........
#~~~~..........
#~~~~~.........
.~~~~~.(.......
..~~~~....#...#
..~~~~~........


You could see a jackal and 2 ball pythons.

Vanquished Creatures
  An orc priest (D:2)
  A dart slug (D:1)
  3 bats (D:1)
  4 endoplasms (D:1)
  2 giant cockroaches (D:1)
  A goblin (D:1)
  2 hobgoblins (D:1)
  A jackal (D:2)
  4 ball pythons
  2 frilled lizards
  A kobold (D:1)
  A rat (D:1)
23 creatures vanquished.

Notes
Turn   | Place    | Note
-------+----------+-------------------------------------------
     0 | D:1      | qw the Deep Elf Hunter began the quest for the Orb.
     0 | D:1      | Reached XP level 1. HP: 12/12 MP: 3/3
     0 | D:1      | 0 ||| qw: Version: 0.3-a-160-g6735b56
     0 | D:1      | 0 ||| qw: Game counter: 6079
     0 | D:1      | 0 ||| qw: Melee chars always use a shield: true
     0 | D:1      | 0 ||| qw: God list: Okawaru
     0 | D:1      | 0 ||| qw: Allow faded altars: false
     0 | D:1      | 0 ||| qw: Do Orc after clearing Dungeon:15 true
     0 | D:1      | 0 ||| qw: Do second Lair branch before Depths: true
     0 | D:1      | 0 ||| qw: Lair rune preference: random
     0 | D:1      | 0 ||| qw: Goals: Normal
     0 | D:1      | 0 ||| PLANNING D:1-11
   221 | D:1      | Reached XP level 2. HP: 16/16 MP: 4/4
   224 | D:1      | Reached skill level 6 in Ranged Weapons
   842 | D:1      | 842 ||| READING 2 scrolls labelled EHAORESMUUTH.
   846 | D:1      | 846 ||| DROPPING scroll of butterflies.
   878 | D:2      | HP: 3/16 [orc priest/divine providence (13)]
   879 | D:2      | 879 ||| READING scroll of teleportation.
   882 | D:2      | Reached skill level 7 in Ranged Weapons
   882 | D:2      | Reached XP level 3. HP: 5/20 MP: 5/5
   887 | D:2      | HP: 3/20 [jackal (3)]
   889 | D:2      | HP: 1/20 [jackal (1)]
   889 | D:2      | Slain by a ball python

Levels and vault maps discovered:
D:1:      mrwooster_arrival_statue, layout_basic, corexii_leaking_fountain
D:2:      wander_river, layout_rooms, hellmonk_ecumenical_altar_watching_god,
          supply_closet_lemuel, minmay_misc_feat_cross

Skill      XL: |  1  2 |
---------------+-------+-----
Ranged Weapons | 7 |  7.2
Fighting       | |  1.5
Dodging        | |  2.4
Stealth        | |  1.2

Action                     || total
---------------------------++-------
   Fire: Shortbow          ||    65
    Use: Scroll            ||     2
 Armour: Leather armour    ||    15
  Dodge: Dodged            ||     8

Table legend:
 A = Non-vault XP
 B = Vault XP
 C = Vault XP percentage of total XP
 D = Non-vault monster count
 E = Vault monster count
 F = Vault count percentage of total count
                 A         B        C        D         E       F
            +---------+---------+-------+---------+---------+-------
      Total |      78 |       0 |   0.0 |      23 |       0 |   0.0
            +---------+---------+-------+---------+---------+-------
        D:1 |      33 |       0 |   0.0 |      19 |       0 |   0.0
        D:2 |      45 |       0 |   0.0 |       4 |       0 |   0.0
            +---------+---------+-------+---------+---------+-------
